Map: Traitor's Exile

Players

OpuS

  • Race: Protoss Protoss
  • League: Platinum
  • Spawn Location: 9:00

Sketchaphone

  • Race: Zerg Zerg
  • League: Platinum
  • Spawn Location: 12:00

Powoo - Winner!

  • Race: Zerg Zerg
  • League: Diamond
  • Spawn Location: 6:00

LoveHate - Winner!

  • Race: Protoss Protoss
  • League: Platinum
  • Spawn Location: 5:00

VOD

Have the link to the VOD?

Description

Time

  • Played on: Feb. 15, 2019, 9:31 p.m.
  • Length: 18:03
Show
View Real Time Build Order
Export as new Build Order

OpuS Protoss 

Build Orders:  

Get SALT Encoding   

  12  0:00  Probe  
  13  0:13  Probe  
  14  0:23  Pylon  
  14  0:25  Probe  
  15  0:39  Probe  
  16  0:43  Gateway  
  16  0:47  Probe  
  16  0:53  Assimilator  
  16  0:56  Probe  
  17  0:59  Assimilator  
  18  1:07  Probe  
  19  1:17  Probe  
  20  1:25  Probe  
  20  1:31  Cybernetics Core  
  21  1:35  Probe  
  21  1:37  Pylon  
  22  1:55  Zealot  
  24  2:01  Cybernetics Core  
  24  2:12  Nexus  
  24  2:14  Probe  
  24  2:22  Probe  
  25  2:25  Zealot  
  28  2:36  Gateway  
  28  2:38  Warp Gate  
  28  2:55  Probe  
  29  2:58  Pylon  
  29  3:02  Gateway  
  29  3:07  Stalker  
  31  3:23  Probe  
  31  3:24  Probe  
  32  3:30  Robotics Facility  
  32  3:37  Probe x2  
  34  3:46  Stalker x2  
  38  4:01  Pylon  
  38  4:03  Probe x2  
  40  4:13  Immortal  
  44  4:27  Zealot x2  
  44  4:28  Zealot  
  50  4:39  Probe x2  
  52  4:52  Stalker x3  
  58  4:56  Probe x2  
  60  5:05  Pylon  
  60  5:08  Pylon, Twilight Council  
  60  5:09  Probe  
  60  5:11  Probe  
  62  5:15  Immortal  
  62  5:23  Probe  
  67  5:31  Sentry x2  
  67  5:32  Sentry  
  73  5:36  Probe x2  
  75  5:47  Robotics Bay  
  75  5:48  Probe x2  
  77  5:55  Pylon  
  77  5:57  Pylon  
  77  5:59  Pylon  
  77  6:00  Probe  
  78  6:12  Gateway  
  78  6:13  Probe  
  78  6:14  Gateway  
  78  6:15  Probe, Gateway  
  80  6:25  Probe  
  77  6:27  Zealot x3  
  47  6:50  Zealot  
  47  6:51  Zealot x2  
  47  6:52  Charge  
  18  7:26  Zealot  
  18  7:28  Probe  
  8  8:08  Probe  
  9  8:20  Probe  
  10  8:56  Probe  
  11  9:27  Probe  
  12  10:07  Probe  
  13  10:19  Probe  
  14  10:45  Dark Shrine  
  14  10:46  Probe  
  15  10:54  Probe  
  16  11:09  Probe  
  16  11:17  Probe  
  18  11:29  Probe  
  18  11:37  Probe  
  19  11:45  Probe  
  20  11:53  Probe  
  21  12:00  Dark Templar x2  
  26  12:06  Dark Templar  
  28  12:15  Dark Templar x2  
  28  12:23  Probe  
  29  12:32  Probe  
  28  12:41  Probe  
  29  12:54  Probe  
  12  13:06  Probe  
Show
View Real Time Build Order
Export as new Build Order

Sketchaphone Zerg 

Build Orders: Hatch First 

Get SALT Encoding   

  12  0:01  Drone  
  13  0:14  Overlord  
  13  0:23  Drone  
  13  0:26  Drone, Extractor  
  15  0:33  Drone  
  16  0:38  Drone  
  17  0:59  Hatchery, Drone  
  17  1:07  Drone  
  17  1:09  Extractor  
  17  1:19  Spawning Pool  
  17  1:22  Drone  
  17  1:29  Drone  
  18  1:35  Drone  
  19  1:41  Overlord  
  19  1:54  Drone  
  20  2:02  Overlord  
  20  2:13  Queen  
  22  2:16  Metabolic Boost  
  22  2:18  Queen  
  22  2:19  Drone  
  22  2:22  Drone  
  26  2:26  Drone  
  26  2:29  Drone  
  28  2:32  Drone  
  28  2:35  Zergling x2  
  30  2:45  Spine Crawler  
  30  2:47  Drone  
  30  2:48  Drone  
  31  3:00  Spine Crawler  
  31  3:01  Drone x2  
  32  3:07  Drone x2  
  34  3:21  Pneumatized Carapace, Roach Warren  
  34  3:22  Drone  
  34  3:24  Drone  
  35  3:32  Drone x4  
  40  3:34  Drone  
  40  3:37  Overlord  
  40  3:49  Overlord  
  40  3:58  Overlord  
  40  4:01  Roach x4  
  48  4:05  Drone x2  
  48  4:06  Drone x2, Extractor  
  51  4:14  Overlord  
  50  4:29  Roach x3  
  56  4:33  Roach  
  54  4:58  Roach x2  
  54  4:59  Zergling x4  
  60  5:09  Hatchery  
  59  5:15  Roach x4  
  59  5:17  Zergling x8  
  71  5:28  Drone, Extractor  
  71  5:29  Overlord  
  71  5:30  Extractor  
  71  5:33  Roach x3  
  71  5:34  Overlord  
  76  5:43  Overlord  
  76  5:47  Overlord  
  76  5:49  Overlord x2  
  76  5:53  Ravager  
  76  5:55  Hatchery  
  76  5:59  Ravager  
  77  6:06  Roach x2  
  77  6:07  Zergling x8  
  85  6:12  Roach  
  87  6:23  Zergling x2  
  87  6:24  Zergling x4  
  87  6:39  Zergling x16  
  89  6:57  Zergling x12  
  95  7:02  Zergling x2  
  95  7:05  Zergling x2  
  95  7:06  Zergling x2  
  85  7:24  Zergling x10  
  90  7:34  Roach x4  
  98  7:38  Lair  
  87  8:00  Ravager  
  87  8:02  Zergling x26  
  95  8:08  Roach x6  
  107  8:14  Roach  
  107  8:15  Roach  
  107  8:17  Zergling x4  
  91  8:50  Roach  
  91  8:51  Roach x11  
  91  8:53  Burrow  
  91  8:55  Queen  
  108  9:15  Zergling x16  
  114  9:23  Roach  
  111  9:25  Queen  
  111  9:27  Roach  
  115  9:32  Roach x2  
  118  9:40  Roach x2  
  118  9:41  Roach  
  115  9:53  Roach x3  
  97  10:21  Spine Crawler  
  97  10:24  Spine Crawler  
  91  10:31  Spire  
  83  10:49  Spine Crawler x2  
  76  10:50  Spine Crawler  
  76  10:52  Spine Crawler x2  
  55  11:04  Zergling x10  
  50  11:11  Drone  
  50  11:15  Drone  
  46  11:43  Drone  
  46  12:12  Roach x10  
  40  12:29  Drone x3  
  41  12:50  Roach x10  
  39  13:17  Drone x3  
  39  13:18  Spawning Pool  
  41  13:29  Roach x6  
  41  13:40  Roach x6  
  41  13:48  Hatchery  
  40  14:03  Zergling x6  
  30  14:34  Hatchery  
  29  14:39  Hatchery  
  28  14:57  Drone x2  
  28  14:58  Drone x3  
  28  15:15  Drone  
  28  15:16  Drone  
  28  15:24  Roach x6  
  28  15:47  Drone  
  28  15:49  Spine Crawler, Drone x3  
  9  16:16  Drone  
  10  16:32  Spine Crawler  
  9  16:39  Drone  
  10  16:49  Zergling x2  
  10  16:52  Drone  
  12  17:08  Drone x2  
  13  17:21  Spine Crawler  
  7  17:36  Drone  
Show
View Real Time Build Order
Export as new Build Order

Powoo Zerg - Winner!

Build Orders: Hatch First 

Get SALT Encoding   

  12  0:01  Drone  
  13  0:08  Drone  
  14  0:37  Hatchery  
  14  0:38  Drone  
  14  0:55  Spawning Pool  
  13  0:59  Drone  
  13  1:01  Extractor  
  13  1:12  Drone  
  13  1:14  Overlord  
  14  1:33  Drone x2  
  16  1:40  Drone  
  16  1:41  Queen  
  19  1:50  Drone  
  19  1:52  Zergling x2  
  21  1:59  Drone  
  21  2:01  Drone  
  23  2:08  Metabolic Boost  
  23  2:13  Drone  
  24  2:20  Drone  
  24  2:22  Overlord  
  25  2:24  Drone  
  26  2:37  Queen  
  26  2:39  Overlord  
  28  2:48  Drone x2  
  28  2:51  Drone x2  
  32  2:53  Extractor  
  31  2:59  Evolution Chamber  
  31  3:02  Drone  
  31  3:05  Drone x2  
  33  3:06  Drone  
  34  3:16  Drone x2  
  36  3:25  Zerg Melee Weapons Level 1  
  36  3:28  Drone  
  36  3:29  Evolution Chamber  
  36  3:31  Drone x3  
  39  3:35  Overlord  
  39  3:42  Zergling x4  
  41  3:54  Zergling x8  
  45  3:59  Overlord  
  45  4:00  Overlord  
  45  4:02  Overlord  
  45  4:08  Lair  
  45  4:13  Zerg Ground Armor Level 1  
  45  4:26  Overlord  
  44  4:40  Drone  
  44  4:41  Drone x2  
  42  4:52  Zergling x2  
  43  4:53  Zergling x14  
  50  5:05  Zergling x12  
  55  5:14  Drone  
  56  5:15  Infestation Pit, Hatchery  
  56  5:20  Spine Crawler  
  56  5:21  Zergling x2  
  54  5:31  Zerg Melee Weapons Level 2  
  54  5:33  Drone  
  55  5:36  Drone x3  
  55  5:37  Overlord, Drone, Extractor  
  55  5:39  Zergling x4  
  60  5:57  Spore Crawler  
  59  6:04  Baneling Nest  
  59  6:05  Hive  
  59  6:06  Overlord  
  59  6:07  Zergling x2  
  59  6:08  Zergling x14  
  60  6:37  Zergling x18  
  60  6:53  Spine Crawler  
  59  6:55  Spine Crawler  
  50  7:18  Zerg Ground Armor Level 2  
  45  7:24  Ultralisk Cavern  
  43  7:38  Zergling x2  
  43  7:39  Zergling x20  
  48  8:01  Zergling x16  
  20  8:45  Zergling x2  
  20  8:46  Zergling x4  
  17  8:50  Zergling x10  
  17  9:03  Ultralisk x2  
  17  9:05  Queen  
  17  9:07  Chitinous Plating  
  29  9:17  Zergling x4  
  23  9:26  Queen  
  25  9:31  Ultralisk x3  
  36  9:54  Zergling x4  
  33  11:49  Zergling x2  
  33  11:50  Zergling x8  
Show
View Real Time Build Order
Export as new Build Order

LoveHate Protoss - Winner!

Build Orders: 1 Gate Expand 

Get SALT Encoding   

  12  0:01  Probe  
  13  0:15  Probe  
  14  0:27  Probe  
  15  0:35  Pylon  
  15  0:52  Probe  
  15  0:55  Gateway  
  16  1:00  Probe  
  16  1:02  Assimilator  
  17  1:08  Probe  
  18  1:19  Probe  
  19  1:30  Nexus  
  19  1:39  Pylon  
  20  1:45  Cybernetics Core, Probe  
  20  1:56  Assimilator  
  20  1:57  Probe  
  21  2:12  Probe  
  22  2:25  Warp Gate  
  22  2:26  Stalker  
  24  2:42  Probe x2  
  26  2:54  Probe x2  
  26  2:56  Stalker  
  30  3:06  Probe x2  
  30  3:07  Robotics Facility  
  30  3:12  Pylon  
  32  3:16  Probe x2  
  34  3:24  Probe x2  
  34  3:30  Stalker  
  34  3:32  Probe  
  34  3:33  Twilight Council, Probe  
  40  3:45  Probe x2  
  40  3:47  Pylon  
  42  3:50  Assimilator  
  42  3:54  Assimilator  
  42  3:55  Observer  
  43  3:58  Probe x2  
  45  4:09  Blink  
  45  4:10  Probe x2  
  45  4:15  Gateway  
  45  4:16  Gateway  
  47  4:22  Probe  
  47  4:23  Probe  
  49  4:24  Warp Prism  
  51  4:34  Probe  
  51  4:35  Pylon, Probe  
  53  4:46  Probe  
  53  4:48  Probe, Immortal  
  55  5:02  Forge  
  59  5:20  Probe  
  60  5:21  Stalker x2  
  60  5:22  Stalker  
  60  5:25  Protoss Ground Weapons Level 1, Probe  
  67  5:38  Pylon  
  67  5:51  Nexus  
  67  5:54  Pylon  
  67  5:56  Immortal  
  71  5:58  Robotics Bay  
  71  6:03  Sentry x3  
  77  6:28  Stalker x3, Immortal  
  57  6:56  Stalker x3  
  36  7:50  Nexus  
  31  7:51  Pylon  
  31  7:53  Pylon  
  13  8:20  Photon Cannon  
  13  8:22  Photon Cannon  
  13  8:26  Photon Cannon  
  13  8:28  Photon Cannon  
  13  8:30  Photon Cannon  
  11  8:35  Pylon  
  10  8:56  Photon Cannon  
  9  10:01  Probe  
  10  10:10  Probe  
  11  10:19  Probe  
  12  10:37  Probe  
  1  17:08  Probe  
  2  17:20  Probe  
  3  17:32  Probe  
  4  17:42  Probe  
  5  17:50  Probe  
Tags
 
Add a new tag
Caveats
  • Supply blocks, unpowered buildings, or Contaminate may cause inaccurate times.
  • Supply counts are checked every 10 seconds.